 Dungeon Crawl Stone Soup version 0.19.3-4-gbf9329e (webtiles) character file.

211 Megalobster the Conjurer (level 5, 0/28 HPs)
             Began as a Deep Elf Conjurer on Jan 30, 2017.
             Slain by pib's ghost (5 damage)
             ... on level 3 of the Dungeon.
             The game lasted 00:19:50 (4728 turns).

Megalobster the Conjurer (Deep Elf Conjurer)        Turns: 4728, Time: 00:19:51

Health: 0/28       AC:  6    Str:  5    XL:     5   Next: 57%
Magic:  6/14       EV: 13    Int: 21    God:
Gold:   145        SH:  0    Dex: 15    Spells: 4 memorised, 3 levels left

rFire  . . .     SeeInvis .     g - +0 dagger
rCold  . . .     Gourm    .     a - +0 robe
rNeg   . . .     Faith    .     (no shield)
rPois  .         Spirit   .     p - +0 helmet (curse)
rElec  .         Reflect  .     v - +0 cloak
rCorr  .         Harm     .     t - +1 pair of gloves
MR     .....                    (no boots)
Stlth  ++........               (no amulet)
                                (no ring)
                                (no ring)

@: no status effects
A: no striking features
a: no special abilities


You were on level 3 of the Dungeon.
You were not hungry.

You visited 1 branch of the dungeon, and saw 3 of its levels.
You also visited: Sewer.

You collected 145 gold pieces.

Inventory:

Hand Weapons
 g - a +0 dagger (weapon)
Armour
 a - a +0 robe (worn)
 l - a +2 helmet
 p - a cursed +0 helmet (worn)
 t - a +1 pair of gloves (worn)
 v - a +0 cloak (worn)
Jewellery
 m - an uncursed ring of teleportation
Scrolls
 c - a scroll of fear {unknown}
 d - 2 scrolls of remove curse
 e - 9 scrolls of identify
 i - a scroll of blinking {unknown}
 k - a scroll of noise {unknown}
 n - 2 scrolls of magic mapping {unknown}
 q - 3 scrolls of fog {unknown}
 r - a scroll of enchant armour {unknown}
 w - 4 scrolls of recharging {unknown}
 y - a scroll of teleportation {unknown}
 z - a scroll of amnesia {unknown}
Potions
 j - 4 potions of curing {unknown}
 o - a potion of agility {unknown}
 s - a potion of cancellation {unknown}
 x - a potion of magic {unknown}
Books
 b - a book of Conjurations

   Spells                             Type                      Level
   a - Magic Dart                     Conjuration                  1
   b - Searing Ray                    Conjuration                  2
   c - Dazzling Spray                 Conjuration/Hexes            3
   d - Fulminant Prism                Conjuration/Hexes            4
   e - Iskenderun's Mystic Blast      Conjuration                  4
   f - Iskenderun's Battlesphere      Conjuration/Charms           5
Comestibles
 f - a meat ration
 h - 2 chunks of flesh
 u - 5 fruits


   Skills:
 - Level 2.4 Dodging
 - Level 2.4 Stealth
 + Level 5.1 Spellcasting
 * Level 6.3 Conjurations
 * Level 2.3 Charms


You had 3 spell levels left.
You knew the following spells:

 Your Spells              Type           Power        Failure   Level  Hunger
a - Magic Dart            Conj           ####         1%          1    None
b - Searing Ray           Conj           ####..       1%          2    None
c - Dazzling Spray        Conj/Hex       ###...       12%         3    ##.....
d - Iskenderun's Battles  Conj/Chrm      ###.....     54%         5    #####..


Dungeon Overview and Level Annotations

Branches:
Dungeon (3/15)

Altars:
Okawaru

Annotations:
D:3 pib's ghost, amateur DrTm


Message History

The searing ray hits pib's ghost.
Pib's ghost is severely damaged.
You finish channeling your searing ray.
Pib's ghost closely misses you.
Casting: Searing Ray
Confirm with . or Enter, or press ? or * to list all spells.
Aiming: Searing Ray
Press: ? - help, Shift-Dir - straight line, f/p - pib's ghost
Aim: pib's ghost (severely damaged)
The searing ray hits pib's ghost.
Pib's ghost is severely damaged. (Press . to maintain the ray.) Pib's ghost hits you!
* * * LOW HITPOINT WARNING * * *
The searing ray hits pib's ghost.
Pib's ghost is almost destroyed.
Pib's ghost misses you.
The searing ray hits pib's ghost.
Pib's ghost is almost destroyed.
Pib's ghost hits you.
You die...

#.# #.# #.# #.#
#.# #.#
####.###########.#
..............##.#
.###.............#
.# ##########.#..#
##### .#
##.........###...#
.#
#.........@.....[#
.#
#..####.#W####...#
#######..# #.#.##
##.## #.......#
#....# #.#
#.#####.# #..>.#
#.# #.## #.#
##...# #.#
##..####.######.##
#.#
#...............#
#.#
#.....##.######.#
#.##


You could see pib's ghost.

Vanquished Creatures
  4 gnolls (D:2)
  4 adders
  2 river rats (D:3)
  An ooze (D:3)
  2 worms (D:2)
  A dart slug (D:1)
  A leopard gecko (D:3)
  7 orcs (D:3)
  10 bats
  5 giant cockroaches
  11 goblins
  2 hobgoblins
  10 jackals
  17 kobolds
  3 quokkas
  6 ball pythons
  7 frilled lizards
  9 rats
  6 plants (Sewer)
108 creatures vanquished.

Notes
Turn   | Place    | Note
-------+----------+-------------------------------------------
     0 | D:1      | Megalobster the Deep Elf Conjurer began the quest for the Orb.
     0 | D:1      | Reached XP level 1. HP: 10/10 MP: 6/6
   183 | D:1      | Reached XP level 2. HP: 15/15 MP: 2/8
   187 | D:1      | Learned a level 2 spell: Searing Ray
   654 | D:1      | Reached skill level 5 in Conjurations
   782 | D:1      | Reached XP level 3. HP: 19/19 MP: 7/10
   787 | D:1      | Learned a level 3 spell: Dazzling Spray
  1186 | D:2      | Reached XP level 4. HP: 17/24 MP: 1/12
  2095 | D:3      | Reached skill level 6 in Conjurations
  2193 | D:3      | Found a glowing drain.
  2238 | Sewer    | Entered a sewer
  2404 | Sewer    | Reached XP level 5. HP: 28/28 MP: 9/14
  2414 | Sewer    | Learned a level 5 spell: Iskenderun's Battlesphere
  2576 | Sewer    | Reached skill level 1 in Charms
  3929 | D:3      | Reached skill level 5 in Spellcasting
  3969 | D:3      | Found an iron altar of Okawaru.
  3969 | D:3      | Noticed pib's ghost (amateur DrTm)
  4728 | D:3      | Slain by pib's ghost

Skill      XL: |  1  2  3  4  5 |
---------------+----------------+-----
Conjurations   | 5 6 |  6.3
Spellcasting   | 4 5 |  5.1
Charms         | 2 |  2.3
Dodging        | |  2.4
Stealth        | |  2.4

Action                   |  1- 3 |  4- 6 || total
-------------------------+-------+-------++-------
Melee: Dagger            |     7 |     5 ||    12
 Cast: Magic Dart        |    66 |   102 ||   168
       Searing Ray       |     3 |    43 ||    46
  Use: Scroll            |       |     2 ||     2
 Stab: Sleeping          |     1 |       ||     1
  Eat: Chunk             |     1 |     7 ||     8
       Bread ration      |       |     1 ||     1
Armor: Robe              |     3 |     7 ||    10
Dodge: Dodged            |     9 |    23 ||    32
